TOP OF THE 1ST |
Salem Silver Souls batting - Pitching for West Virginia Power : RHP Wyatt Anderson
|
Pitching: RHP Wyatt Anderson
|
|
Batting: SHB Dawson Fowler
|
0-0: Ball 1-0: Ball 2-0: Ground out 4-3 (Groundball, 4)
|
Batting: SHB Jesús Sosa
|
0-0: Ball 1-0: Swinging Strike 1-1: Foul Ball, location: 2F 1-2: Ball 2-2: SINGLE (Groundball, 4MD)
|
Batting: RHB Tom Hughes
|
0-0: Called Strike Jesús Sosa steals 2nd base 0-1: Foul Ball, location: 2F 0-2: Ball 1-2: Ball 2-2: Foul Ball, location: 2F 2-2: Foul Ball, location: 2F 2-2: Strikes out swinging
|
Batting: RHB Jim Villiers
|
0-0: Ground out 6-3 (Groundball, 6)
|
Top of the 1st over - 0 run(s), 1 hit(s), 0 error(s), 1 left on base; Salem 0 - West Virginia 0 |
BOTTOM OF THE 1ST |
West Virginia Power batting - Pitching for Salem Silver Souls : RHP Pat Wyatt
|
Pitching: RHP Pat Wyatt
|
|
Batting: RHB Luis Quezada
|
0-0: Ball 1-0: Bunted foul 1-1: Ground out 5-3 (Groundball, 5)
|
Batting: LHB Wally Harris
|
0-0: Ball 1-0: Ball 2-0: Ground out 6-3 (Groundball, 56)
|
Batting: SHB Waylon Adams
|
0-0: Called Strike 0-1: Called Strike 0-2: Ball 1-2: SINGLE (Line Drive, 34D)
|
Batting: RHB Tony Parker
|
0-0: Fly out, F8 (Flyball, 8RD)
|
Bottom of the 1st over - 0 run(s), 1 hit(s), 0 error(s), 1 left on base; Salem 0 - West Virginia 0 |
TOP OF THE 2ND |
Salem Silver Souls batting - Pitching for West Virginia Power : RHP Wyatt Anderson
|
Batting: LHB Hamilton Hughes
|
0-0: SOLO HOME RUN (Flyball, 8LXD), Distance : 412 ft
|
Batting: SHB Tony Yan
|
0-0: Foul Ball, location: 2F 0-1: Called Strike 0-2: Foul Ball, location: 2F 0-2: Ball 1-2: Foul Ball, location: 2F 1-2: Foul Ball, location: 2F 1-2: Ball 2-2: SOLO HOME RUN (Flyball, 9LD), Distance : 332 ft
|
Batting: RHB Adam Thomas
|
0-0: Ground out 5-3 (Groundball, 5L)
|
Batting: SHB Francis Shaffer
|
0-0: Swinging Strike 0-1: Ball 1-1: Foul Ball, location: 2F 1-2: Foul Ball, location: 2F 1-2: Foul Ball, location: 2F 1-2: Fly out, F2 (Popup, 3S)
|
Batting: RHB Jaime Rodríguez
|
0-0: Called Strike 0-1: Called Strike 0-2: Foul Ball, location: 2F 0-2: Ball 1-2: SINGLE (Line Drive, 7LS)
|
Batting: SHB Dawson Fowler
|
0-0: Called Strike 0-1: Ball 1-1: Ball 2-1: SINGLE (Line Drive, 34D) Jaime Rodríguez to second
|
Batting: SHB Jesús Sosa
|
0-0: Called Strike 0-1: Called Strike 0-2: Ball 1-2: Foul Ball, location: 2F 1-2: Ball 2-2: Foul Ball, location: 2F 2-2: SINGLE (Groundball, 3) (infield hit) Jaime Rodríguez to third Dawson Fowler to second
|
Batting: RHB Tom Hughes
|
0-0: Swinging Strike 0-1: Called Strike 0-2: Strikes out looking
|
Top of the 2nd over - 2 run(s), 5 hit(s), 0 error(s), 3 left on base; Salem 2 - West Virginia 0 |
BOTTOM OF THE 2ND |
West Virginia Power batting - Pitching for Salem Silver Souls : RHP Pat Wyatt
|
Batting: RHB Piotr Zahn
|
0-0: Ball 1-0: Ball 2-0: Called Strike 2-1: Foul Ball, location: 2F 2-2: Ground out 6-3 (Groundball, 6)
|
Batting: LHB Júlio Martínez
|
0-0: Called Strike 0-1: Called Strike 0-2: Foul Ball, location: 2F 0-2: Foul Ball, location: 2F 0-2: Ball 1-2: Foul Ball, location: 2F 1-2: Strikes out swinging
|
Batting: RHB Javier Peña
|
0-0: Swinging Strike 0-1: Called Strike 0-2: Ball 1-2: Foul Ball, location: 2F 1-2: Strikes out swinging passed ball, reaches first!
|
Batting: SHB Thomas Simmons
|
0-0: Foul Ball, location: 2F 0-1: 2-RUN HOME RUN (Flyball, 9D), Distance : 352 ft
|
Batting: RHB Pedro Echevarría
|
0-0: Ball 1-0: Ground out 6-3 (Groundball, 6)
|
Bottom of the 2nd over - 2 run(s), 1 hit(s), 0 error(s), 0 left on base; Salem 2 - West Virginia 2 |
TOP OF THE 3RD |
Salem Silver Souls batting - Pitching for West Virginia Power : RHP Wyatt Anderson
|
Batting: RHB Jim Villiers
|
0-0: Ball 1-0: Swinging Strike 1-1: Fly out, F7 (Flyball, 7)
|
Batting: LHB Hamilton Hughes
|
0-0: Foul Ball, location: 2F 0-1: Fly out, F9 (Flyball, 9S)
|
Batting: SHB Tony Yan
|
0-0: Ball 1-0: Foul Ball, location: 2F 1-1: Swinging Strike 1-2: Strikes out looking
|
Top of the 3rd over - 0 run(s), 0 hit(s), 0 error(s), 0 left on base; Salem 2 - West Virginia 2 |
BOTTOM OF THE 3RD |
West Virginia Power batting - Pitching for Salem Silver Souls : RHP Pat Wyatt
|
Batting: RHB Luis Quezada
|
0-0: Foul Ball, location: 2F 0-1: Bunt missed! 0-2: Ball 1-2: Foul Ball, location: 2F 1-2: Ground out 6-3 (Groundball, 6)
|
Batting: LHB Wally Harris
|
0-0: Ball 1-0: Ground out 6-3 (Groundball, 6)
|
Batting: SHB Waylon Adams
|
0-0: Ball 1-0: Called Strike 1-1: Fly out, F9 (Flyball, 9S)
|
Bottom of the 3rd over - 0 run(s), 0 hit(s), 0 error(s), 0 left on base; Salem 2 - West Virginia 2 |
TOP OF THE 4TH |
Salem Silver Souls batting - Pitching for West Virginia Power : RHP Wyatt Anderson
|
Batting: RHB Adam Thomas
|
0-0: Swinging Strike 0-1: Ball 1-1: Called Strike 1-2: SINGLE (Groundball, 34D)
|
Batting: SHB Francis Shaffer
|
0-0: Ball 1-0: SINGLE (Flyball, 8LS) Adam Thomas to second
|
Batting: RHB Jaime Rodríguez
|
0-0: Ground out 5-3 (Groundball, 56S) Adam Thomas to third Francis Shaffer to second
|
Batting: SHB Dawson Fowler
|
0-0: Ball 1-0: Called Strike 1-1: SINGLE (Line Drive, 34D) Adam Thomas scores Francis Shaffer to third Runner from 3rd tries for Home, SAFE, throw made home Dawson Fowler to second
|
Batting: SHB Jesús Sosa
|
0-0: TRIPLE (Flyball, 8LD) Dawson Fowler scores
|
Batting: RHB Tom Hughes
|
0-0: Called Strike 0-1: Ball 1-1: Foul Ball, location: 2F 1-2: Foul Ball, location: 2F 1-2: Strikes out swinging
|
Batting: RHB Jim Villiers
|
0-0: Ball 1-0: Ball 2-0: SINGLE (Line Drive, 7S) Jesús Sosa scores
|
Batting: LHB Hamilton Hughes
|
0-0: Foul Ball, location: 2F 0-1: Called Strike Jim Villiers steals 2nd base 0-2: Strikes out swinging
|
Top of the 4th over - 4 run(s), 5 hit(s), 0 error(s), 1 left on base; Salem 6 - West Virginia 2 |
BOTTOM OF THE 4TH |
West Virginia Power batting - Pitching for Salem Silver Souls : RHP Pat Wyatt
|
Batting: RHB Tony Parker
|
0-0: Called Strike 0-1: Fly out, F5 (Line Drive, 5L)
|
Batting: RHB Piotr Zahn
|
0-0: Called Strike 0-1: Ball 1-1: Called Strike 1-2: Ball 2-2: Strikes out swinging
|
Batting: LHB Júlio Martínez
|
0-0: Ball 1-0: Called Strike 1-1: Foul Ball, location: 2F 1-2: Strikes out swinging
|
Bottom of the 4th over - 0 run(s), 0 hit(s), 0 error(s), 0 left on base; Salem 6 - West Virginia 2 |
TOP OF THE 5TH |
Salem Silver Souls batting - Pitching for West Virginia Power : RHP Wyatt Anderson
|
Pitching: RHP Mark Osborne
|
|
Batting: SHB Tony Yan
|
0-0: Foul Ball, location: 2F 0-1: Ball 1-1: SOLO HOME RUN (Flyball, 78XD) (Inside the Park)
|
Batting: RHB Adam Thomas
|
0-0: Ball 1-0: Ball 2-0: Ball 3-0: Called Strike 3-1: DOUBLE (Line Drive, 9D)
|
Batting: SHB Francis Shaffer
|
0-0: Ball 1-0: Foul Ball, location: 2F 1-1: Ground out U3 (Groundball, 34) Adam Thomas to third
|
Batting: RHB Jaime Rodríguez
|
0-0: Ball 1-0: Ball Passed Ball! Adam Thomas scores 2-0: Ball 3-0: Base on Balls
|
Batting: SHB Dawson Fowler
|
0-0: Ball Jaime Rodríguez steals 2nd base 1-0: Ball 2-0: Fly out, F9 (Flyball, 9D) Runner from 2nd tags up, SAFE at 3rd, no throw
|
Batting: SHB Jesús Sosa
|
0-0: Swinging Strike 0-1: Ground out 2-3 (Groundball, 2R)
|
Top of the 5th over - 2 run(s), 2 hit(s), 0 error(s), 1 left on base; Salem 8 - West Virginia 2 |
BOTTOM OF THE 5TH |
West Virginia Power batting - Pitching for Salem Silver Souls : RHP Pat Wyatt
|
Batting: RHB Javier Peña
|
0-0: Called Strike 0-1: Called Strike 0-2: Ball 1-2: Ball 2-2: Foul Ball, location: 2F 2-2: Foul Ball, location: 2F 2-2: Ball 3-2: Foul Ball, location: 2F 3-2: Foul Ball, location: 2F 3-2: Ground out 5-3 (Groundball, 56)
|
Batting: SHB Thomas Simmons
|
0-0: Ball 1-0: Ball 2-0: Ball 3-0: Called Strike 3-1: Fly out, F7 (Flyball, 7LM)
|
Batting: RHB Pedro Echevarría
|
0-0: Called Strike 0-1: Ball 1-1: Ball 2-1: Fly out, F8 (Flyball, 8RM)
|
Bottom of the 5th over - 0 run(s), 0 hit(s), 0 error(s), 0 left on base; Salem 8 - West Virginia 2 |
TOP OF THE 6TH |
Salem Silver Souls batting - Pitching for West Virginia Power : RHP Mark Osborne
|
Batting: RHB Tom Hughes
|
0-0: Ball 1-0: Ball 2-0: SINGLE (Line Drive, 5S)
|
Batting: RHB Jim Villiers
|
0-0: Ball 1-0: Foul Ball, location: 2F 1-1: Ball 2-1: Foul Ball, location: 2F 2-2: Foul Ball, location: 2F 2-2: 2-RUN HOME RUN (Flyball, 8LXD), Distance : 439 ft
|
Pitching: RHP António Córdova
|
|
Batting: LHB Hamilton Hughes
|
0-0: Called Strike 0-1: Ball 1-1: Foul Ball, location: 2F 1-2: Ball 2-2: Fly out, F3 (Popup, 3S)
|
Batting: SHB Tony Yan
|
0-0: Ball 1-0: Ball 2-0: Foul Ball, location: 2F 2-1: Ball 3-1: Base on Balls
|
Batting: RHB Adam Thomas
|
0-0: Called Strike 0-1: Ball 1-1: Foul Ball, location: 2F 1-2: Foul Ball, location: 2F 1-2: Grounds into double play, 6-4-3 (Groundball, 6)
|
Top of the 6th over - 2 run(s), 2 hit(s), 0 error(s), 0 left on base; Salem 10 - West Virginia 2 |
BOTTOM OF THE 6TH |
West Virginia Power batting - Pitching for Salem Silver Souls : RHP Pat Wyatt
|
Pitching: RHP Fernando Gutiérrez
|
|
Batting: RHB Luis Quezada
|
0-0: Ball 1-0: Ground out 6-3 (Groundball, 6)
|
Batting: LHB Wally Harris
|
0-0: Ground out 5-3 (Groundball, 56S)
|
Batting: SHB Waylon Adams
|
0-0: Ball 1-0: Ball 2-0: Foul Ball, location: 2F 2-1: Ball 3-1: Base on Balls
|
Batting: RHB Tony Parker
|
0-0: Ball 1-0: Ball 2-0: Ball 3-0: Base on Balls Waylon Adams to second
|
Batting: RHB Piotr Zahn
|
0-0: Ball 1-0: Ball 2-0: Fly out, F7 (Flyball, 7)
|
Bottom of the 6th over - 0 run(s), 0 hit(s), 0 error(s), 2 left on base; Salem 10 - West Virginia 2 |
TOP OF THE 7TH |
Salem Silver Souls batting - Pitching for West Virginia Power : RHP António Córdova
|
Batting: SHB Francis Shaffer
|
0-0: Ball 1-0: Ball 2-0: Ball 3-0: Base on Balls
|
Batting: RHB Jaime Rodríguez
|
0-0: Ball 1-0: Ball 2-0: Fly out, F7 (Flyball, 7LSF)
|
Batting: SHB Dawson Fowler
|
0-0: Ball 1-0: Grounds into double play, 4-6-3 (Groundball, 4)
|
Top of the 7th over - 0 run(s), 0 hit(s), 0 error(s), 0 left on base; Salem 10 - West Virginia 2 |
BOTTOM OF THE 7TH |
West Virginia Power batting - Pitching for Salem Silver Souls : RHP Fernando Gutiérrez
|
Batting: LHB Júlio Martínez
|
0-0: Ball 1-0: Swinging Strike 1-1: Ball 2-1: Foul Ball, location: 2F 2-2: Ball 3-2: Base on Balls
|
Batting: RHB Javier Peña
|
0-0: Called Strike 0-1: Ball 1-1: Foul Ball, location: 2F 1-2: Foul Ball, location: 2F 1-2: Grounds into double play, 5-4-3 (Groundball, 5)
|
Batting: SHB Thomas Simmons
|
0-0: Ball 1-0: Called Strike 1-1: Foul Ball, location: 2F 1-2: Ball 2-2: SINGLE (Line Drive, 89S)
|
Batting: RHB Pedro Echevarría
|
0-0: Ball 1-0: Ball 2-0: Foul Ball, location: 2F 2-1: Ball 3-1: Called Strike 3-2: Fly out, F8 (Flyball, 8RM)
|
Bottom of the 7th over - 0 run(s), 1 hit(s), 0 error(s), 1 left on base; Salem 10 - West Virginia 2 |
TOP OF THE 8TH |
Salem Silver Souls batting - Pitching for West Virginia Power : RHP António Córdova
|
Batting: SHB Jesús Sosa
|
0-0: Called Strike 0-1: Called Strike Error on foul ball, E5 0-2: Ball 1-2: Ball 2-2: Ball 3-2: Fly out, F8 (Line Drive, 89XD)
|
Batting: RHB Tom Hughes
|
0-0: Called Strike 0-1: Called Strike 0-2: Foul Ball, location: 2F 0-2: Ground out 6-3 (Groundball, 6)
|
Batting: RHB Jim Villiers
|
0-0: Ball 1-0: Ball 2-0: Ball 3-0: Called Strike 3-1: Foul Ball, location: 2F 3-2: Fly out, F7 (Flyball, 78D)
|
Top of the 8th over - 0 run(s), 0 hit(s), 1 error(s), 0 left on base; Salem 10 - West Virginia 2 |
BOTTOM OF THE 8TH |
West Virginia Power batting - Pitching for Salem Silver Souls : RHP Fernando Gutiérrez
|
Batting: RHB Luis Quezada
|
0-0: Called Strike 0-1: Called Strike 0-2: Ball 1-2: Foul Ball, location: 2F 1-2: Foul Ball, location: 2F 1-2: Strikes out swinging
|
Pitching: RHP Mario Navarro
|
|
Batting: LHB Wally Harris
|
0-0: Ball 1-0: Called Strike 1-1: Ball 2-1: Ball 3-1: SOLO HOME RUN (Flyball, 9D), Distance : 370 ft
|
Batting: SHB Waylon Adams
|
0-0: Ball 1-0: Ball 2-0: Ball 3-0: Called Strike 3-1: Base on Balls
|
Batting: RHB Tony Parker
|
0-0: Foul Ball, location: 2F 0-1: Ball 1-1: Called Strike 1-2: Ball 2-2: Ball 3-2: DOUBLE (Line Drive, 7LM) Waylon Adams to third Runner from 3rd tries for Home, SAFE, throw made home
|
Batting: RHB Piotr Zahn
|
0-0: Ball 1-0: Ball 2-0: Ball 3-0: Base on Balls
|
Batting: LHB Júlio Martínez
|
0-0: Fly out, F8 (Flyball, 8LS)
|
Batting: RHB Javier Peña
|
0-0: Called Strike 0-1: Foul Ball, location: 2F 0-2: Ball 1-2: Ball 2-2: Ball 3-2: Base on Balls Tony Parker to third Piotr Zahn to second
|
Batting: SHB Thomas Simmons
|
0-0: Foul Ball, location: 2F 0-1: Fly out, F4 (Popup, 4MD)
|
Bottom of the 8th over - 2 run(s), 2 hit(s), 0 error(s), 3 left on base; Salem 10 - West Virginia 4 |
TOP OF THE 9TH |
Salem Silver Souls batting - Pitching for West Virginia Power : RHP António Córdova
|
Batting: LHB Hamilton Hughes
|
0-0: Fly out, F8 (Flyball, 8LM)
|
Batting: SHB Tony Yan
|
0-0: Ball 1-0: Ball 2-0: Foul Ball, location: 2F 2-1: Foul Ball, location: 2F 2-2: Ball 3-2: Ground out U3 (Groundball, 34)
|
Batting: RHB Adam Thomas
|
0-0: Ball 1-0: Ground out 6-3 (Groundball, 6)
|
Top of the 9th over - 0 run(s), 0 hit(s), 0 error(s), 0 left on base; Salem 10 - West Virginia 4 |
BOTTOM OF THE 9TH |
West Virginia Power batting - Pitching for Salem Silver Souls : RHP Mario Navarro
|
Batting: RHB Pedro Echevarría
|
0-0: Ball 1-0: Called Strike 1-1: Ball 2-1: Ball 3-1: Base on Balls
|
Batting: RHB Luis Quezada
|
0-0: SINGLE (Line Drive, 34D) Pedro Echevarría to second Runner from 2nd tries for 3rd, SAFE, no throw
|
Batting: LHB Wally Harris
|
0-0: Ball 1-0: Ball 2-0: Ball 3-0: Base on Balls Luis Quezada to second
|
Batting: SHB Waylon Adams
|
0-0: Ball 1-0: Ball 2-0: Ball 3-0: Base on Balls Pedro Echevarría scores Luis Quezada to third Wally Harris to second
|
Pitching: RHP Jeff Hansen
|
|
Batting: RHB Tony Parker
|
0-0: Called Strike 0-1: Foul Ball, location: 2F 0-2: Ball 1-2: Foul Ball, location: 2F 1-2: Ball 2-2: Fly out, F7 (Line Drive, 7D) Runner from 3rd tags up, SCORES, no throw Wally Harris to third
|
Batting: RHB Piotr Zahn
|
0-0: Foul Ball, location: 2F 0-1: Foul Ball, location: 2F 0-2: Ball Wild Pitch! Wally Harris scores Waylon Adams to second 1-2: Ball 2-2: DOUBLE (Flyball, 8LXD) Waylon Adams scores
|
Batting: LHB Júlio Martínez
|
0-0: Ball 1-0: Swinging Strike 1-1: Called Strike 1-2: Strikes out swinging
|
Batting: RHB Javier Peña
|
0-0: Called Strike 0-1: Ball 1-1: Ball 2-1: Ball 3-1: Foul Ball, location: 2F 3-2: Foul Ball, location: 2F 3-2: Strikes out swinging
|
Bottom of the 9th over - 4 run(s), 2 hit(s), 0 error(s), 1 left on base; Salem 10 - West Virginia 8 |
|